 Dungeon Crawl Stone Soup version 0.30-a0-691-g754fce4c43 (webtiles) character file.

Game seed: 1395113214180081213

23 kae the Insei (level 2, -1/21 HPs)
             Began as a Demonspawn Transmuter on Jan 19, 2023.
             Slain by a worm (5 damage)
             ... on level 2 of the Dungeon.
             The game lasted 00:00:42 (1342 turns).

kae the Insei (Demonspawn Transmuter)               Turns: 1342, Time: 00:00:42

Health: -1/21      AC:  4    Str: 10    XL:     2   Next: 72%
Magic:  4/5        EV: 12    Int: 14    God:
Gold:   145        SH:  0    Dex: 13    Spells: 4/5 levels left

rFire   . . .      SeeInvis .      - Unarmed
rCold   . . .      Faith    .    (no shield)
rNeg    . . .      Spirit   .    a - +0 robe
rPois   .          Reflect  .    (helmet currently unavailable)
rElec   .          Harm     .    (no cloak)
rCorr   .          Rampage  .    (no gloves)
Will    .....                    (boots currently unavailable)
Stlth   +                        (no amulet)
HPRegen 0.23/turn                (no ring)
MPRegen 0.09/turn                (no ring)

@: appendages (expiring)
A: horns 2, talons 2, slimy green scales 1
a: End Transformation


You were on level 2 of the Dungeon.
You had temporarily grown beastly horns and talons.
You visited 1 branch of the dungeon, and saw 2 of its levels.

You collected 145 gold pieces.


Innate Abilities, Weirdness & Mutations

You have temporarily grown beastly horns and talons.
You are partially covered in slimy green scales. (AC +2)


   Skills:
 - Level 1.0 Fighting
 - Level 1.7 Dodging
 + Level 2.9 Unarmed Combat
 + Level 2.3 Spellcasting
 * Level 2.4 Transmutations


You had 4 spell levels left.
You knew the following spells:

 Your Spells              Type           Power      Damage    Failure   Level
a - Beastly Appendage     Tmut           16%        N/A       9%          1

Your spell library contained the following spells:

 Spells                   Type           Power      Damage    Failure   Level
 Wereblood                Tmut           8%         N/A       13%         2
 Spider Form              Tmut/Pois      5%         N/A       38%         3
 Ice Form                 Ice/Tmut       5%         N/A       80%         4

Inventory:

Missiles
 c - 3 poisoned darts
 e - 6 curare-tipped darts {=f}
 f - 6 atropa-tipped darts
 h - 2 datura-tipped darts
 l - 3 stones
Armour
 a - a +0 robe (worn)
Scrolls
 d - 4 scrolls of identify {unknown}
 j - a scroll of poison {unknown}
 k - a scroll of vulnerability {unknown}
 n - a scroll of brand weapon {unknown}
Potions
 b - 2 potions of lignification {!q}
 g - 2 potions of might {unknown}
 i - a potion of heal wounds {unknown}
 m - a potion of mutation {unknown}
 o - a potion of curing {unknown}

Dungeon Overview and Level Annotations

Branches:
Dungeon (2/15) Zot: 10659

Altars:

...# ...#
...# ...#
...####
###
.......
#.#
#######
#######.#
#..<..#
.......w#
#.#.#.#
#@#
#.#.#.#
#.#
#.#.#.#
#.#
#.#.#.#
#.#
#.#.#.#
#.#
#.#.#.#
#.#
#.#.#.#
#.#
#...#.#
#.#
#####.#
#.#


You could see a worm.


Message History

The slug dart hits you.
You hit the dart slug.
You claw the dart slug, but do no damage.
The dart slug launches a dart at you. The slug dart hits you. 😕 HP[-4] MP[-1]
You take 4 damage, and now have 17/21 hp.
You lost 1 mp, and now have 4/5 mp.
A dart slug is nearby!
You hit the dart slug.
Your transformation is almost over.
You hit the dart slug.
You kill the dart slug! 😕 HP[+1]
Your horns disappear.
Your talons disappear.
A kobold is nearby! 😕 HP[+2] MP[+1]
You regained 2 hp, and now have 20/21 hp.
Your mp is fully restored (5).
The kobold throws a stone.
The stone hits you but does no damage.
A kobold is nearby!
The kobold throws a stone.
The stone hits you.
A kobold is nearby!
Unknown command.
You hit the kobold. The kobold hits you but does no damage.
You closely miss the kobold. The kobold hits you with a +0 dagger.
A kobold is nearby! 😕 HP[-2]
You take 2 damage, and now have 18/21 hp.
A kobold is nearby!
You barely miss the kobold. The kobold barely misses you.
You barely miss the kobold. 😕 HP[+1]
A kobold is nearby!
Unknown command.
A kobold is nearby!
You barely miss the kobold. The kobold barely misses you.
You miss the kobold. The kobold hits you but does no damage.
A kobold is nearby!
You miss the kobold. The kobold hits you but does no damage.
You hit the kobold.
You kill the kobold!
l - 3 stones You see here a +0 dagger.
There is a stone staircase leading down here.
You see here a dart slug corpse.
You now have 125 gold pieces (gained 12).
d - 4 scrolls labelled EBUTIPT FIXYBBI (gained 3) Key pressed, stopping explore.
No target in view!
No target in view! 😎 HP[+2]
Your hp is fully restored (21).
You open the door.
There is an open door here.
m - a glowing inky potion
Found a stone staircase leading down.
You see here a +2 mace of draining.
There is a stone staircase leading down here.
n - a scroll labelled PEG XIOWISAZITUUT
o - a clear potion
Found a stone staircase leading up.
There is a stone staircase leading up here.
You now have 129 gold pieces (gained 4).
g - 2 fizzy black potions (gained 1)
You now have 145 gold pieces (gained 16).
A worm comes into view.
A worm is nearby!
A worm is nearby!
A worm is nearby!
The worm barely misses you.
Casting: Beastly Appendage (safe; 9% risk of failure)
Confirm with . or Enter, or press ? or * to list all spells.
You grow a pair of large bovine horns.
Your feet morph into talons.
Your transformation is almost over.
The worm bites you. 😮 HP[-6] MP[-1]
You take 6 damage, and now have 15/21 hp.
MASSIVE DAMAGE!! (PAUSE)
You lost 1 mp, and now have 4/5 mp.
You hit the worm but do no damage. You claw the worm. You headbutt the worm!
The worm bites you. 😮 HP[-3]
You take 3 damage, and now have 12/21 hp.
Unknown command.
You barely miss the worm. You claw the worm, but do no damage.
You hit the worm. The worm misses you.
You hit the worm but do no damage.
Unknown command.
You barely miss the worm. The worm barely misses you.
You completely miss the worm. 😮 HP[+1] Unknown command.
You hit the worm. You headbutt the worm. The worm bites you!
* * * LOW HITPOINT WARNING * * *
😱 HP[-9]
You take 9 damage, and now have 4/21 hp.
MASSIVE DAMAGE!! (PAUSE)
You hit the worm. You punch the worm. The worm bites you.
You die...

Skill      XL: |  1 |
---------------+----+-----
Transmutations | 2 |  2.4
Fighting       | |  1.0
Dodging        | |  1.7
Unarmed Combat | |  2.9
Spellcasting   | |  2.3

Action                   || total
-------------------------++-------
Melee: Unarmed           ||    44
       Headbutt          ||     9
       Kick              ||     8
       Punch             ||     2
 Cast: Beastly Appendage ||    12
  Use: Scroll            ||     1
 Stab: Distracted        ||     1
Armor: Robe              ||     8
Dodge: Dodged            ||    15

Levels and vault maps discovered:
D:1:      wander_arrival_desolate, layout_basic, serial_co_window_serial,
          co_window_paths_a, co_window_corner_a, co_window_paths_b,
          co_window_paths_a, co_window_paths_b, co_window_paths_b,
          co_window_of_opportunity_b, co_window_corner_ca, co_window_broadway_c,
          co_window_sun, glass_columns_a, glass_columns_b, glass_columns_a,
          glass_columns_c, glass_columns_b
D:2:      layout_basic, due_unseen_surprise, uniq_crazy_yiuf_cottage

Notes
Turn   | Place    | Note
-------+----------+-------------------------------------------
     0 | D:1      | kae the Demonspawn Transmuter began the quest for the Orb.
     0 | D:1      | Reached XP level 1. HP: 15/15 MP: 3/3
     0 | D:1      | magus.rc [v1.11.3]
   751 | D:1      | Reached skill level 2 in Transmutations
   901 | D:2      | Gained mutation: You are partially covered in slimy green
                  | scales. (AC +2) [demonic ancestry]
   901 | D:2      | Reached XP level 2. HP: 18/21 MP: 3/5
  1341 | D:2      | HP: 4/21 [worm (9)]
  1342 | D:2      | Slain by a worm

Vanquished Creatures
  An adder (D:2)
  A worm (D:2)
  A dart slug (D:2)
  A bat (D:1)
  An endoplasm (D:1)
  A hobgoblin (D:1)
  A ball python (D:1)
  2 goblins
  A kobold (D:2)
10 creatures vanquished.

Table legend:
 A = Non-vault XP
 B = Vault XP
 C = Vault XP percentage of total XP
 D = Non-vault monster count
 E = Vault monster count
 F = Vault count percentage of total count
                 A         B        C        D         E       F
            +---------+---------+-------+---------+---------+-------
      Total |      33 |       0 |   0.0 |      10 |       0 |   0.0
            +---------+---------+-------+---------+---------+-------
        D:1 |       8 |       0 |   0.0 |       5 |       0 |   0.0
        D:2 |      25 |       0 |   0.0 |       5 |       0 |   0.0
            +---------+---------+-------+---------+---------+-------

Illustrated notes

Table legend:
 A = Kills in this place as a percentage of kills in entire the game.
 B = Kills by you in this place as a percentage of kills by you in the entire game.
 C = Kills by friends in this place as a percentage of kills by friends in the entire game.
 D = Other kills in this place as a percentage of other kills in the entire game.
 E = Experience gained in this place as a percentage of experience gained in the entire game.
 F = Experience gained in this place divided by the number of levels of this place that you have seen.
                   A       B       C       D       E      F
               +-------+-------+-------+-------+-------+----------------------
         Total | 100.0 | 100.0 |   N/A |   N/A | 100.0 |  16.5
       Dungeon | 100.0 | 100.0 |   N/A |   N/A | 100.0 |  16.5
               +-------+-------+-------+-------+-------+----------------------

Table legend: (Time is in decaauts)
 A = Elapsed time spent in this place.
 B = Non-inter-level travel time spent in this place.
 C = Inter-level travel time spent in this place.
 D = Time resting spent in this place.
 E = Time spent auto-exploring this place.
 F = Levels seen in this place.
 G = Mean time per level.
                   A        B        C        D        E       F      G
               +--------+--------+--------+--------+--------+-----+--------+
         Total |   1339 |   1314 |     25 |      0 |   1162 |   2 |  669.5 |
       Dungeon |   1339 |   1314 |     25 |      0 |   1162 |   2 |  669.5 |
               +--------+--------+--------+--------+--------+-----+--------+

Top non-repeatable levels by time:
     D:1: 878 daAuts
     D:2: 460 daAuts
